 Dungeon Crawl Stone Soup version 0.31.0-9-g3a7656b989 (webtiles) character file.

Game seed: 2259047591563102174

135 qw the Ducker (level 4, -3/23 HPs)
             Began as a Spriggan Hunter on Feb 2, 2024.
             Shot with an arrow by a centaur (11 damage)
             ... on level 3 of the Dungeon.
             The game lasted 00:00:06 (1709 turns).

qw the Ducker (Spriggan Hunter)                     Turns: 1709, Time: 00:00:06

Health: -3/23      AC:  3    Str:  7    XL:     4   Next: 97%
Magic:  5/5        EV: 20    Int: 10    God:
Gold:   133        SH:  0    Dex: 20    Spells: 3/3 levels left

rFire   . . .        a - +0 shortbow
rCold   . . .        (shield currently unavailable)
rNeg    . . .        c - +0 robe
rPois   .            (helmet restricted)
rElec   .            g - +0 cloak
rCorr   .            (gloves unavailable)
SInv    +            (boots unavailable)
Will    .....        (no amulet)
Stlth   ++           (no ring)
HPRegen 0.23/turn    (no ring)
MPRegen 0.09/turn

%: no passive effects
@: very quick
A: very small, no large weapons, unfitting armour, see invisible, speed 3
a: no special abilities


You were on level 3 of the Dungeon.
You visited 1 branch of the dungeon, and saw 3 of its levels.

You collected 133 gold pieces.


Innate Abilities, Weirdness & Mutations

You are very small and have problems with some larger weapons.
You are too small for most types of armour.
You have supernaturally acute eyesight. (SInv)
You cover ground extremely quickly. (Speed+++)


   Skills:
 + Level 1.8 Fighting
 - Level 5.0 Ranged Weapons
 - Level 5.4 Dodging
 - Level 1.5 Stealth


You had 3 spell levels left.
You didn't know any spells.
Your spell library was empty.

Inventory:

Hand Weapons
 a - a +0 shortbow (weapon)
Armour
 c - a +0 robe (worn)
 g - a +0 cloak (worn)
Scrolls
 b - a scroll of teleportation {unknown}
 d - a scroll of brand weapon {unknown}
 e - a scroll of poison {unknown}
Potions
 f - a potion of enlightenment
 h - a potion of attraction {unknown}

Dungeon Overview and Level Annotations

Branches:
Dungeon (3/15)

Altars:
Makhleb


Message History

Found a stone staircase leading up.
Enter note:
Enter note: A kobold comes into view. It is wielding a +0 club.
You shoot an arrow. The arrow hits the kobold!
You kill the kobold!
A frilled lizard comes into view.
Found a leather armour and 10 gold pieces.
You shoot an arrow. The arrow hits the frilled lizard!
You kill the frilled lizard!
An endoplasm comes into view.
Found a scroll labelled CEJIAF DOGARPH.
You shoot an arrow. The arrow hits the endoplasm!
You kill the endoplasm!
Things that are here:
a +0 leather armour; 2 stones A kobold comes into view.
It is wielding a +0 dagger.
The kobold shouts!
You shoot an arrow. The arrow hits the kobold!
You kill the kobold!
You now have 133 gold pieces (gained 10).
e - a scroll labelled CEJIAF DOGARPH
There is a shaft here.
You see here a +0 quarterstaff.
A centaur comes into view.
Enter note:
Enter note: You shoot an arrow.
The arrow hits the centaur!
The centaur shouts!
The centaur is heavily wounded.
The centaur wields a +0 shortbow.
The centaur shoots an arrow.
The arrow closely misses you.
The centaur shoots an arrow.
The arrow hits you.
You shoot an arrow. The arrow hits the centaur.
The centaur is heavily wounded.
The centaur shoots an arrow.
The arrow barely misses you.
You shoot an arrow. The arrow barely misses the centaur.
The centaur shoots an arrow.
The arrow hits you!
Ouch! That really hurt!
The centaur shoots an arrow.
The arrow hits you!
You die...

....)....#####.####.######....#
..............)...............#
######.............#######....#
...# #..#####....### #####....###
.#.###........#^.#####..........#
..........#####)...##............
.......>......#.##...............
..........###....##..............
#.........#####.@................
..................#..............
.###..............##.............
#####.........>...###............
#...#...#........ .#........
###.#####.#.........< .######
....# .c.......## .. #####
#........# #


You could see a centaur.

Vanquished Creatures
  An orc priest (D:3)
  An orc wizard (D:3)
  2 adders (D:2)
  2 dart slugs
  3 orcs (D:3)
  6 endoplasms
  2 giant cockroaches
  A goblin (D:3)
  2 hobgoblins
  4 jackals (D:1)
  4 quokkas
  4 ball pythons
  5 bats
  4 frilled lizards
  8 kobolds
49 creatures vanquished.

Notes
Turn   | Place    | Note
-------+----------+-------------------------------------------
     0 | D:1      | qw the Spriggan Hunter began the quest for the Orb.
     0 | D:1      | Reached XP level 1. HP: 10/10 MP: 2/2
     0 | D:1      | 0 ||| qw: Version: 0.3-a-155-g5e7d8dd
     0 | D:1      | 0 ||| qw: Game counter: 2584
     0 | D:1      | 0 ||| qw: Melee chars always use a shield: true
     0 | D:1      | 0 ||| qw: God list: Okawaru
     0 | D:1      | 0 ||| qw: Allow faded altars: false
     0 | D:1      | 0 ||| qw: Do Orc after clearing Dungeon:15 true
     0 | D:1      | 0 ||| qw: Do second Lair branch before Depths: true
     0 | D:1      | 0 ||| qw: Lair rune preference: random
     0 | D:1      | 0 ||| qw: Goals: Normal
     0 | D:1      | 0 ||| PLANNING D:1-11
    46 | D:1      | Reached skill level 3 in Dodging
   285 | D:1      | Reached XP level 2. HP: 14/14 MP: 3/3
   708 | D:1      | 708 ||| READING 2 scrolls labelled MALOTI RUIJ.
   708 | D:1      | 708 ||| IDENTIFYING scroll labelled SUOMAV PUNGUS
   709 | D:1      | 709 ||| DROPPING scroll of butterflies.
   710 | D:1      | 710 ||| DROPPING scroll of blinking.
   768 | D:2      | Reached XP level 3. HP: 18/18 MP: 4/4
   841 | D:2      | Found a burning altar of Makhleb.
  1244 | D:2      | 1244 ||| UPGRADING to +0 cloak.
  1249 | D:2      | 1249 ||| READING 3 scrolls of identify.
  1249 | D:2      | 1249 ||| IDENTIFYING brown potion
  1250 | D:2      | 1250 ||| READING 2 scrolls of identify.
  1250 | D:2      | 1250 ||| IDENTIFYING purple potion
  1251 | D:2      | 1251 ||| READING scroll of identify.
  1251 | D:2      | 1251 ||| IDENTIFYING bubbling dark potion
  1252 | D:2      | 1252 ||| DROPPING potion of lignification.
  1326 | D:3      | 1326 ||| DRINKING potion of curing.
  1326 | D:3      | 1326 ||| (to cure confusion)
  1330 | D:3      | Reached XP level 4. HP: 17/22 MP: 5/5
  1331 | D:3      | HP: 5/22 [orc priest/nerve-wracking pain (13)]
  1351 | D:3      | 1351 ||| FLEEEEING.
  1352 | D:3      | 1352 ||| FLEEEEING.
  1353 | D:3      | 1353 ||| FLEEEEING.
  1354 | D:3      | 1354 ||| FLEEEEING.
  1355 | D:3      | 1355 ||| FLEEEEING.
  1357 | D:3      | 1357 ||| FLEEEEING.
  1358 | D:3      | 1358 ||| FLEEEEING.
  1359 | D:3      | 1359 ||| FLEEEEING.
  1360 | D:3      | 1360 ||| FLEEEEING.
  1361 | D:3      | 1361 ||| FLEEEEING.
  1363 | D:3      | 1363 ||| FLEEEEING.
  1365 | D:3      | 1365 ||| FLEEEEING.
  1366 | D:3      | 1366 ||| FLEEEEING.
  1367 | D:3      | 1367 ||| FLEEEEING.
  1368 | D:3      | 1368 ||| STAIRDANCE
  1410 | D:2      | 1410 ||| READING scroll labelled CODUOL FUGHET.
  1706 | D:3      | Noticed a centaur
  1709 | D:3      | Shot with an arrow by a centaur

Levels and vault maps discovered:
D:1:      wander_arrival_lonely_grave, layout_loops_cross
D:2:      layout_rooms, basic_altar, moated_statue, minivault_11,
          serial_park_tiny_pond
D:3:      layout_rooms, serial_curves, eino_curves_01, eino_curves_01

Skill      XL: |  1  2  3  4 |
---------------+-------------+-----
Dodging        | 3 4 5 |  5.4
Ranged Weapons | 5 |  5.0
Fighting       | |  1.8
Stealth        | |  1.5

Action                     |  1- 3 |  4- 6 || total
---------------------------+-------+-------++-------
   Fire: Shortbow          |   121 |    26 ||   147
    Use: Scroll            |     4 |     1 ||     5
         Potion            |     1 |       ||     1
 Armour: Robe              |    21 |     4 ||    25
  Dodge: Dodged            |    50 |    10 ||    60

Table legend:
 A = Non-vault XP
 B = Vault XP
 C = Vault XP percentage of total XP
 D = Non-vault monster count
 E = Vault monster count
 F = Vault count percentage of total count
                 A         B        C        D         E       F
            +---------+---------+-------+---------+---------+-------
      Total |     194 |       0 |   0.0 |      49 |       0 |   0.0
            +---------+---------+-------+---------+---------+-------
        D:1 |      38 |       0 |   0.0 |      20 |       0 |   0.0
        D:2 |      51 |       0 |   0.0 |      13 |       0 |   0.0
        D:3 |     105 |       0 |   0.0 |      16 |       0 |   0.0
            +---------+---------+-------+---------+---------+-------
